[Event "Titled Tuesday Blitz January 31 Late 2023"]
[White "Rodriguez Fontecha, Marcos"]
[Black "Bartel, Mateusz"]
[WhiteFideId "2256576"]
[BlackFideId "1112635"]
[WhiteElo "2309"]
[BlackElo "2609"]
[Result "0-1"]
[Round "01"]
[TimeControl "180+2"]
[Date "2023.01.31"]
[WhiteClock "0:00:01"]
[BlackClock "0:00:07"]

1. Nf3 g6 2. d4 Bg7 3. Bf4 c5 4. c3 Qb6 5. Qb3 Nc6 6. e3 d6 7. Nbd2 Na5 8. Qc2 Bf5 9. e4 Bd7 10. d5 Rc8 11. Be2 c4 12. Be3 Qc7 13. O-O Nf6 14. Nd4 a6 15. f4 b5 16. f5 O-O 17. Rae1 Nb7 18. Bg5 Nc5 19. Kh1 Kh8 20. Rf3 h6 21. Rh3 Ng8 22. b4 Na4 23. Bf1 Qb6 24. Be3 Qd8 25. Rg3 Qe8 26. Ne2 g5 27. Bd4 Be5 28. Rh3 f6 29. Nf3 Rf7 30. Ng3 g4 31. Nh4 gxh3 32. Ng6+ Kh7 33. gxh3 Rg7 34. Be2 Qd8 35. Nh5 Rf7 36. Qd2 Bxd4 37. cxd4 c3 38. Qf4 c2 39. Rc1 Qb6 40. e5 dxe5 41. dxe5 Qb7 42. Bf3 Rc4 43. Qe3 Bxf5 44. Ngf4 fxe5 45. Qxe5 Qc7 46. Qe3 Rxf4 47. Nxf4 Qc3 48. Qf2 Qb2 49. Qe3 Qc3 50. Qf2 Nf6 51. Ne6 Ne4 52. Bxe4 Bxe4+ 0-1


[Site "https://www.chess.com"]

[Event "Titled Tuesday Blitz January 31 Late 2023"]
[White "Kovacs, Klara"]
[Black "Borges Feria, Yasel"]
[WhiteFideId "733210"]
[BlackFideId "3504921"]
[WhiteElo "2121"]
[BlackElo "2439"]
[Result "0-1"]
[Round "01"]
[TimeControl "180+2"]
[Date "2023.01.31"]
[WhiteClock "0:00:30"]
[BlackClock "0:01:07"]

1. Nf3 c6 2. g3 d5 3. Bg2 Bf5 4. O-O e6 5. c4 Nd7 6. d4 h6 7. Nc3 Ngf6 8. cxd5 exd5 9. Bf4 Be7 10. Qb3 Qb6 11. Nd2 O-O 12. Qxb6 axb6 13. e4 dxe4 14. Ndxe4 b5 15. Nxf6+ Nxf6 16. d5 b4 17. dxc6 bxc6 18. Ne2 Nd5 19. Nd4 Bd7 20. Bd2 Bf6 21. Nb3 Bxb2 22. Rab1 Bc3 23. Bxc3 Nxc3 24. Rb2 Rxa2 25. Rxa2 Nxa2 26. Nc5 Bf5 27. Bxc6 Rc8 28. Bd5 Nc3 0-1


[Site "https://www.chess.com"]

[Event "Titled Tuesday Blitz January 31 Late 2023"]
[White "Forgacs, Attila Jr."]
[Black "Fier, Alexandr"]
[WhiteFideId "773654"]
[BlackFideId "2107139"]
[WhiteElo "2264"]
[BlackElo "2589"]
[Result "0-1"]
[Round "01"]
[TimeControl "180+2"]
[Date "2023.01.31"]
[WhiteClock "0:01:09"]
[BlackClock "0:02:24"]

1. e4 c5 2. Nf3 a6 3. c4 Nc6 4. Nc3 e5 5. d3 g6 6. Be2 Bg7 7. O-O Nge7 8. Nd5 O-O 9. Be3 d6 10. h3 b5 11. Nh2 Rb8 12. Qd2 f5 13. f3 f4 14. Bf2 g5 15. a3 Ng6 16. Rab1 b4 17. axb4 Nxb4 18. Nxb4 Rxb4 19. Qd1 h5 20. Be1 Rb6 21. b4 cxb4 22. Rxb4 Rxb4 23. Bxb4 Qb6+ 24. c5 Qxb4 25. cxd6 Qxd6 26. Qb3+ Be6 27. Qa4 Qd4+ 28. Qxd4 exd4 29. Ra1 Ra8 30. Nf1 a5 31. Nd2 a4 32. Bd1 a3 33. Kf2 Ne5 34. Bc2 Bf8 35. Ke2 Bb4 36. Nb3 a2 37. Nxd4 Bc3 38. Nb3 Bxa1 39. Nxa1 Nc6 40. Kd2 Nd4 41. Bd1 Rb8 42. Kc3 Rb1 43. Kxd4 Rxd1 44. Nc2 a1=Q+ 45. Nxa1 Rxa1 46. Ke5 Kf7 47. d4 Ra2 48. d5 Bxd5 49. exd5 Rxg2 50. Kf5 g4 51. hxg4 h4 52. Kxf4 h3 53. g5 h2 54. Kf5 h1=Q 55. f4 Qh3+ 56. Ke5 Re2+ 57. Kd6 Qa3+ 58. Kc6 Rc2+ 59. Kd7 Qe7# 0-1


[Site "https://www.chess.com"]

[Event "Titled Tuesday Blitz January 31 Late 2023"]
[White "Yanchenko, Roman"]
[Black "Saya, Ethan"]
[WhiteFideId "4137329"]
[BlackFideId "26095181"]
[WhiteElo "2466"]
[BlackElo "2181"]
[Result "1-0"]
[Round "01"]
[TimeControl "180+2"]
[Date "2023.01.31"]
[WhiteClock "0:00:27"]
[BlackClock "0:00:05"]

1. d4 Nf6 2. Nf3 e6 3. c4 d5 4. Nc3 c6 5. Bg5 Nbd7 6. e3 Qa5 7. Bxf6 Nxf6 8. Qc2 Bb4 9. Bd3 dxc4 10. Bxc4 c5 11. O-O cxd4 12. Bb5+ Bd7 13. Bxd7+ Nxd7 14. exd4 O-O 15. Qe4 Bxc3 16. bxc3 b6 17. c4 Rac8 18. Qe2 Rc7 19. Rfd1 Nf6 20. Ne5 Rd8 21. h3 Nd7 22. Nf3 Nf6 23. Rac1 Rcd7 24. Rd3 Qa6 25. Qe5 Qxa2 26. Nd2 Qb2 27. Rb1 Qc2 28. Rbb3 a5 29. Rbc3 Qd1+ 30. Kh2 a4 31. Ne4 Nxe4 32. Rxd1 Nxc3 33. Rd3 Na2 34. d5 exd5 35. cxd5 Nb4 36. Rg3 g6 37. Qd4 Nxd5 38. Qxa4 h5 39. Qe4 Kh7 40. Rg5 Kg7 41. h4 Nf6 42. Qb4 Ng4+ 43. Kg3 Rd3+ 44. f3 R3d6 45. fxg4 Rd3+ 46. Kh2 R8d4 47. Qxb6 Rxg4 48. Rxg4 hxg4 49. Qb5 Rd6 50. Qe5+ Rf6 51. Kg3 Kh6 52. Qxf6 Kh5 53. Qh8# 1-0


[Site "https://www.chess.com"]

[Event "Titled Tuesday Blitz January 31 Late 2023"]
[White "Pein, Jonathan"]
[Black "Pulpan, Jakub"]
[WhiteFideId "417092"]
[BlackFideId "302759"]
[WhiteElo "2265"]
[BlackElo "2427"]
[Result "1/2-1/2"]
[Round "01"]
[TimeControl "180+2"]
[Date "2023.01.31"]
[WhiteClock "0:00:09"]
[BlackClock "0:00:13"]

1. e4 c5 2. g3 d5 3. exd5 Qxd5 4. Nf3 Bg4 5. Bg2 Qe6+ 6. Kf1 Nc6 7. h3 Bh5 8. d3 Qd7 9. Na3 e6 10. Nc4 Nf6 11. g4 Bg6 12. Nfe5 Nxe5 13. Nxe5 Qc7 14. Bf4 Bd6 15. Nxg6 hxg6 16. Bxd6 Qxd6 17. Bxb7 Rb8 18. Qf3 O-O 19. b3 Nd7 20. Re1 Qb6 21. Be4 f5 22. gxf5 Qd6 23. Qg3 Qxg3 24. fxg3 Nf6 25. Kg2 gxf5 26. Bc6 Kf7 27. a4 Rb6 28. Bb5 Rd6 29. Bc4 Nd5 30. Re5 g6 31. Rhe1 Kf6 32. Kf3 g5 33. Bxd5 exd5 34. g4 fxg4+ 35. Kxg4 Rh8 36. Rf5+ Kg6 37. Rxg5+ Kf6 38. Ree5 c4 39. Rgf5+ Kg6 40. Rxd5 Rxd5 41. Rxd5 cxb3 42. cxb3 Rb8 43. Rd6+ Kg7 44. Ra6 Rb4+ 45. Kg5 Rb7 46. d4 Kg8 47. d5 Rxb3 48. Rxa7 Rxh3 49. Kf6 Rh6+ 50. Ke5 Kf8 51. d6 Ke8 52. Kd5 Rh1 53. Ra8+ Kd7 54. Ra7+ Kd8 55. a5 Rd1+ 56. Kc6 Rc1+ 57. Kb6 Rb1+ 58. Ka6 Rd1 59. d7 Rd6+ 60. Kb5 Rxd7 61. Ra6 Kc7 62. Ra7+ Kc8 63. Ra8+ Kb7 64. Rh8 Rd5+ 65. Kb4 Ka6 66. Rh6+ Ka7 67. Rh4 Rd7 68. Rc4 Rb7+ 69. Ka4 Ka6 70. Rc6+ Ka7 71. Rc4 Rb1 72. Rb4 Ra1+ 73. Kb5 Kb7 74. Rb3 Ra2 75. Rb4 Ka7 76. Ra4 Rb2+ 77. Rb4 Rh2 78. Rc4 Rh5+ 79. Rc5 Rh7 80. a6 Rh1 81. Rc7+ Kb8 82. Rb7+ Ka8 83. Rc7 Rb1+ 84. Kc6 Rc1+ 85. Kb6 Rb1+ 86. Kc6 Ra1 87. Kb6 Rb1+ 88. Kc6 1/2-1/2


[Site "https://www.chess.com"]

[Event "Titled Tuesday Blitz January 31 Late 2023"]
[White "Tactrics"]
[Black "Dzierzak, Radoslaw"]
[BlackFideId "1161407"]
[WhiteElo "2794"]
[BlackElo "2220"]
[Result "1-0"]
[Round "01"]
[TimeControl "180+2"]
[Date "2023.01.31"]
[WhiteClock "0:00:33"]
[BlackClock "0:00:20"]

1. e4 c6 2. Bc4 d5 3. Bb3 dxe4 4. Qh5 g6 5. Qh4 Nf6 6. Nc3 Bf5 7. f3 exf3 8. Nxf3 Bg7 9. d4 h6 10. O-O g5 11. Qe1 Bg6 12. Kh1 Nbd7 13. Ne5 Nxe5 14. dxe5 Ng4 15. e6 f5 16. h3 h5 17. Bxg5 Qc7 18. Bf4 Be5 19. Bxe5 Nxe5 20. Qg3 O-O-O 21. Rae1 f4 22. Qg5 f3 23. gxf3 Nxf3 24. Rxf3 Rhg8 25. Qe5 Qb6 26. Qe3 Qa5 27. Rg3 h4 28. Rg5 Bf5 29. Reg1 Rxg5 30. Rxg5 Rf8 31. Qg1 Qe5 32. Rg8 Be4+ 33. Nxe4 Qxe4+ 34. Qg2 Qe1+ 35. Qg1 Qe4+ 36. Rg2 Rg8 37. Qf2 Rg3 38. Kg1 Rxg2+ 39. Qxg2 Qe1+ 40. Qf1 Qg3+ 41. Kh1 Qe3 42. Qf8+ Kc7 43. Qxe7+ Kb6 44. Qb4+ Kc7 45. Qxh4 Qf3+ 46. Kg1 Qd1+ 47. Kg2 Qe2+ 48. Qf2 Qe4+ 49. Qf3 Qg6+ 50. Qg3+ Qxg3+ 51. Kxg3 1-0


[Site "https://www.chess.com"]

[Event "Titled Tuesday Blitz January 31 Late 2023"]
[White "Altun, Arda"]
[Black "Avila Pavas, Santiago"]
[WhiteFideId "34511580"]
[BlackFideId "4437128"]
[WhiteElo "2218"]
[BlackElo "2522"]
[Result "0-1"]
[Round "01"]
[TimeControl "180+2"]
[Date "2023.01.31"]
[WhiteClock "0:00:42"]
[BlackClock "0:00:36"]

1. e4 Nf6 2. e5 Nd5 3. c4 Nb6 4. d4 d6 5. exd6 cxd6 6. Nc3 g6 7. Be3 Bg7 8. Rc1 O-O 9. b3 e5 10. Nf3 Bg4 11. Be2 Nc6 12. dxe5 dxe5 13. h3 Bxf3 14. Bxf3 f5 15. Bd5+ Nxd5 16. Qxd5+ Kh8 17. O-O e4 18. Qxd8 Raxd8 19. Nd5 Rd7 20. g3 b6 21. Kg2 Ne5 22. Rcd1 Nd3 23. Nf4 Rfd8 24. Nd5 Nb4 25. Bg5 Nd3 26. Bxd8 Rxd8 27. f3 Nc5 28. b4 Nd3 29. fxe4 fxe4 30. Rf7 Re8 31. Re7 Rxe7 32. Nxe7 Bc3 33. a3 Bb2 34. Nd5 Bxa3 35. Ra1 Bxb4 36. Nxb4 Nxb4 37. Rxa7 Nc2 38. Kf2 Kg8 39. Rb7 Na3 40. Rc7 Nc2 41. Rc6 e3+ 42. Kf1 e2+ 0-1


[Site "https://www.chess.com"]

[Event "Titled Tuesday Blitz January 31 Late 2023"]
[White "Necromon"]
[Black "Salimova, Nurgyul"]
[BlackFideId "2915138"]
[WhiteElo "2420"]
[BlackElo "2391"]
[Result "0-1"]
[Round "01"]
[TimeControl "180+2"]
[Date "2023.01.31"]
[WhiteClock "0:00:08"]
[BlackClock "0:00:06"]

1. Nf3 d5 2. g3 Nf6 3. c4 c6 4. cxd5 cxd5 5. Bg2 Nc6 6. d4 Bf5 7. Nc3 e6 8. O-O Be7 9. a3 h6 10. b4 Rc8 11. Qb3 O-O 12. Bf4 Ne4 13. Rfc1 Bf6 14. Be3 Bg4 15. Nxe4 dxe4 16. Ne5 Nxe5 17. dxe5 Bxe5 18. Rxc8 Qxc8 19. Rc1 Qb8 20. Qc2 f5 21. f4 Bf6 22. Qc4 Re8 23. h3 Bh5 24. Kf2 Bf7 25. Qc7 Qa8 26. Rd1 Rc8 27. Qa5 b6 28. Qa6 e5 29. Rd7 exf4 30. gxf4 Qc6 31. Qxa7 Be6 32. Rd1 Qc2 33. Rc1 Bh4+ 34. Kg1 Qxe2 35. Rxc8+ Bxc8 36. Qxb6 Qe1+ 37. Bf1 Qg3+ 38. Bg2 Qe1+ 39. Bf1 Kh7 40. Bf2 Bxf2+ 41. Qxf2 Qc3 42. Qc5 Qg3+ 43. Kh1 Qf3+ 44. Bg2 Qd1+ 45. Kh2 Be6 46. Qe5 Bd7 47. b5 Qd3 48. b6 Qb3 49. Bxe4 fxe4 50. Qxe4+ Kh8 51. Qa8+ Kh7 52. Qe4+ Kg8 53. Qa8+ Kf7 54. b7 Qb2+ 55. Kg3 Qc3+ 56. Kf2 Qd2+ 57. Kg3 Qd3+ 58. Kf2 Qd4+ 59. Ke1 Qc3+ 60. Ke2 Qc4+ 61. Ke3 Qc5+ 62. Kd2 Qd4+ 63. Kc2 Ba4+ 64. Kc1 Qc3+ 65. Kb1 Bc2+ 0-1


[Site "https://www.chess.com"]

[Event "Titled Tuesday Blitz January 31 Late 2023"]
[White "QuiesPrecatio"]
[Black "Nagy, Gabor"]
[BlackFideId "737119"]
[WhiteElo "2426"]
[BlackElo "2464"]
[Result "1-0"]
[Round "01"]
[TimeControl "180+2"]
[Date "2023.01.31"]
[WhiteClock "0:00:07"]
[BlackClock "0:00:24"]

1. d4 Nf6 2. c4 e6 3. Nf3 d5 4. Nc3 a6 5. cxd5 exd5 6. Bg5 Be6 7. e3 Nbd7 8. Be2 h6 9. Bh4 Bd6 10. Rc1 c6 11. O-O O-O 12. Bd3 Re8 13. Na4 Qe7 14. Qc2 Rac8 15. Nc5 Nxc5 16. dxc5 Bb8 17. Bg3 Bxg3 18. hxg3 Ng4 19. Bf5 Bxf5 20. Qxf5 Nf6 21. Nd4 Ne4 22. b4 g6 23. Qf4 Kg7 24. Rfd1 f5 25. Qf3 Qf6 26. a4 h5 27. Qf4 Re5 28. Qf3 Ng5 29. Qf4 Nf7 30. Qh4 g5 31. Qxh5 Rh8 32. Qf3 Re4 33. Qxf5 Ne5 34. Qxf6+ Kxf6 35. b5 axb5 36. axb5 g4 37. bxc6 bxc6 38. Rb1 Rc8 39. Rb6 Kg5 40. Ra1 Nd3 41. Raa6 Nxc5 42. Rxc6 Rxc6 43. Rxc6 Nd3 44. Rd6 Nb4 45. Ne6+ Kf5 46. Nf4 Rc4 47. Rd8 Rc1+ 48. Kh2 Rd1 49. Rf8+ Ke4 50. Re8+ Kf5 51. Ne2 Rd2 52. Nd4+ Kf6 53. Re6+ Kf7 54. Re5 Nd3 55. Rg5 Nxf2 56. Rxd5 Rd1 57. Rf5+ Kg6 58. Rxf2 Re1 59. Rf4 Kg5 60. Ne6+ Kh5 61. Rf5+ Kg6 62. Rb5 Rxe3 63. Nf4+ Kh6 64. Rh5+ Kg7 65. Rg5+ Kh6 66. Rxg4 Re1 67. Rg6+ Kh7 68. Re6 Ra1 69. Kh3 Kg7 70. Kg4 Kf7 71. Rb6 Ra5 72. Rd6 Ke7 73. Rd5 Ra4 74. Kf5 Kf7 75. Rd7+ Ke8 76. Rh7 Ra3 77. g4 Ra5+ 78. Kf6 Ra4 79. Ne6 Ra7 80. Rh8+ Kd7 81. Rd8+ Kc6 82. Rd4 Ra2 83. g5 Rxg2 84. g6 Rf2+ 85. Rf4 Rg2 86. g7 Kd6 87. Rd4+ Kc6 88. Rd8 Kb7 89. g8=Q Rf2+ 90. Ke7 Rc2 91. Rb8+ Ka7 92. Ra8+ Kb6 93. Qb8+ Kc6 94. Qc8+ Kd5 95. Qxc2 Ke5 96. Ra5# 1-0


[Site "https://www.chess.com"]

[Event "Titled Tuesday Blitz January 31 Late 2023"]
[White "Riehle, Marco"]
[Black "Urbina Perez, Juan Antonio"]
[WhiteFideId "12904392"]
[BlackFideId "2217368"]
[WhiteElo "2368"]
[BlackElo "2266"]
[Result "1-0"]
[Round "01"]
[TimeControl "180+2"]
[Date "2023.01.31"]
[WhiteClock "0:01:26"]
[BlackClock "0:01:29"]

1. e4 c5 2. a3 g6 3. h4 h5 4. Nc3 Bg7 5. Bc4 Nc6 6. d3 e6 7. Bg5 Bf6 8. Nf3 Bxg5 9. hxg5 b6 10. e5 Nge7 11. Ne4 Kf8 12. g4 h4 13. Qd2 h3 14. O-O-O Kg7 15. Rh2 Nd4 16. Nxd4 cxd4 17. Rdh1 Bb7 18. Qf4 Nd5 19. Bxd5 Bxd5 20. Rxh3 Rxh3 21. Rxh3 Bxe4 22. dxe4 Qe7 23. Kb1 Rc8 24. Qh2 Rg8 25. f4 Kf8 26. Rh8 f6 27. gxf6 Qf7 28. f5 exf5 29. exf5 gxf5 30. g5 f4 31. Qh6+ Ke8 32. g6 1-0


[Site "https://www.chess.com"]

[Event "Titled Tuesday Blitz January 31 Late 2023"]
[White "Shubenkova, Veronika"]
[Black "Mikaelyan, Arman"]
[WhiteFideId "44124040"]
[BlackFideId "13304852"]
[WhiteElo "1960"]
[BlackElo "2523"]
[Result "1-0"]
[Round "01"]
[TimeControl "180+2"]
[Date "2023.01.31"]
[WhiteClock "0:00:44"]
[BlackClock "0:00:14"]

1. e4 c5 2. Nc3 a6 3. g3 g6 4. Bg2 Bg7 5. d3 Nc6 6. f4 d6 7. Nf3 Bg4 8. Be3 Nf6 9. O-O O-O 10. Rb1 Nd7 11. Ne2 b5 12. h3 Bxf3 13. Bxf3 Qc7 14. Bg2 b4 15. g4 Rab8 16. Ng3 Qa5 17. h4 Qxa2 18. b3 Nd4 19. Rf2 Nb5 20. Qf1 Bd4 21. Bxd4 Nxd4 22. c3 Nc2 23. Rc1 bxc3 24. Rfxc2 Qxb3 25. Rxc3 Qa2 26. Qf2 Rb2 27. R3c2 Rxc2 28. Qxc2 Qa5 29. h5 Nf6 30. hxg6 hxg6 31. Bf3 Qb6 32. Qc4 e6 33. Kg2 Qb2+ 34. Rc2 Qb1 35. Rc1 Qb2+ 36. Qc2 Qb6 37. f5 Nd7 38. Qa2 c4 39. Qxc4 Ne5 40. Qc2 Qe3 41. Be2 Kg7 42. Rf1 Rb8 43. fxe6 Qd4 44. exf7 Rf8 45. Qc1 Rxf7 46. Rxf7+ Nxf7 47. Qa3 Qb6 48. Qc3+ Kg8 49. d4 Kg7 50. Bc4 Qc6 51. d5+ 1-0


[Site "https://www.chess.com"]

[Event "Titled Tuesday Blitz January 31 Late 2023"]
[White "Boder, Jan"]
[Black "Karolczuk, Iwo"]
[WhiteFideId "16243226"]
[BlackFideId "21816972"]
[WhiteElo "2294"]
[BlackElo "2343"]
[Result "0-1"]
[Round "01"]
[TimeControl "180+2"]
[Date "2023.01.31"]
[WhiteClock "0:00:07"]
[BlackClock "0:00:06"]

1. c4 e5 2. g3 Nc6 3. Bg2 f5 4. Nc3 Nf6 5. e3 g6 6. Nge2 Bg7 7. O-O O-O 8. d3 d6 9. Rb1 a5 10. a3 Be6 11. b4 axb4 12. axb4 Qd7 13. b5 Nd8 14. Nd5 Nxd5 15. cxd5 Bf7 16. e4 b6 17. Qc2 Nb7 18. Be3 Nc5 19. Bxc5 bxc5 20. b6 Rfb8 21. bxc7 Qxc7 22. Nc3 Be8 23. Rxb8 Rxb8 24. Rb1 Rb4 25. Na2 Rb6 26. Nc3 Bh6 27. Bf1 Bd7 28. Nd1 Kf7 29. Rxb6 Qxb6 30. Nb2 Ke7 31. Nc4 Qb4 32. Qa2 Ba4 33. Nb2 Bd7 34. Nc4 Qa4 35. Qb1 Bb5 36. Nb6 Qb4 37. Qa1 fxe4 38. Qa7+ Kf6 39. Qxh7 Bg7 40. Qh4+ Kf7 41. Nc8 Bf8 42. Qxe4 Qb1 43. Na7 Bd7 44. Nc6 Bf5 45. Qf3 Bh6 46. g4 e4 47. Qh3 exd3 48. gxf5 d2 49. Qxh6 Qxf5 50. Qxd2 c4 51. Bg2 Qb1+ 52. Bf1 Qf5 53. Qe3 Qg4+ 54. Qg3 Qe4 55. Nd8+ Ke7 56. Ne6 c3 57. Nf4 c2 58. Nxg6+ Kf6 59. Qxd6+ Kg5 60. Qg3+ Qg4 61. Ne5 Qxg3+ 62. hxg3 c1=Q 63. Nf3+ Kf6 64. Kg2 Ke7 65. Ng5 Qxg5 66. Be2 Qxd5+ 67. Bf3 Qd6 68. Be4 Kf6 69. Bf3 Kg5 70. Bb7 Qb6 71. Bf3 Qd4 72. Bc6 Kf6 73. Bf3 Ke5 74. Bh5 Kd6 75. Bf3 Kc5 76. Bh5 Qg7 77. Bf3 Kd4 78. Bc6 Kd3 79. Bf3 Kd2 80. Bc6 Ke1 81. Bf3 Qd4 82. Bg4 Qxf2+ 83. Kh3 Kd2 84. Kh4 Ke3 85. Bh5 Kd4 86. Kg4 Ke5 87. Kh4 Kf6 88. Kg4 Qe2+ 89. Kh4 Qc4+ 90. g4 Qf4 91. Be8 Qh2# 0-1


[Site "https://www.chess.com"]

[Event "Titled Tuesday Blitz January 31 Late 2023"]
[White "Battlecruiser_Operational"]
[Black "Bryakin, Mikhail"]
[BlackFideId "4165314"]
[WhiteElo "2419"]
[BlackElo "2455"]
[Result "0-1"]
[Round "01"]
[TimeControl "180+2"]
[Date "2023.01.31"]
[WhiteClock "0:00:03"]
[BlackClock "0:01:19"]

1. d4 Nf6 2. c4 g6 3. Nc3 d5 4. cxd5 Nxd5 5. e4 Nxc3 6. bxc3 c5 7. Bc4 Bg7 8. Ne2 O-O 9. O-O cxd4 10. cxd4 Nc6 11. Be3 b6 12. Rc1 Bb7 13. Bd5 Na5 14. Bxb7 Nxb7 15. Qa4 Nd6 16. f3 Qe8 17. Rc6 Qd7 18. Rfc1 h5 19. Bf4 Nb7 20. d5 Na5 21. R6c4 b5 22. Qxa5 bxc4 23. Rxc4 Rfc8 24. Rxc8+ Rxc8 25. h3 Qb7 26. Be3 Rc2 27. Nf4 Qc7 28. Qxa7 Qxa7 29. Bxa7 Rxa2 30. Be3 Ra3 31. Bf2 Be5 32. Ne2 Ra2 33. Ng3 Ra1+ 34. Nf1 f5 35. exf5 gxf5 36. g3 Rd1 37. Kg2 Rxd5 38. Ne3 Rd2 39. Nxf5 e6 40. f4 Bxf4 41. gxf4 exf5 42. Kf3 Kf7 43. Be3 Rd3 44. Ke2 Rb3 45. h4 Ke6 0-1


[Site "https://www.chess.com"]

[Event "Titled Tuesday Blitz January 31 Late 2023"]
[White "Haszon, David"]
[Black "Girel, Joseph"]
[WhiteFideId "733610"]
[BlackFideId "36033561"]
[WhiteElo "2264"]
[BlackElo "2395"]
[Result "0-1"]
[Round "01"]
[TimeControl "180+2"]
[Date "2023.01.31"]
[WhiteClock "0:00:11"]
[BlackClock "0:01:34"]

1. e4 e5 2. Nf3 Nf6 3. d4 Nxe4 4. Bd3 Nc6 5. d5 Nc5 6. dxc6 e4 7. Bc4 exf3 8. Qxf3 Qe7+ 9. Be3 dxc6 10. O-O Be6 11. Bxc5 Qxc5 12. Bxe6 fxe6 13. Rd1 Bd6 14. Nc3 O-O-O 15. Re1 Qf5 16. Qe4 Kb8 17. Qxe6 Qxc2 18. Re2 Qd3 19. Rae1 Rhf8 20. g3 a6 21. Ne4 Bb4 22. Nc3 Bxc3 23. bxc3 Qxc3 24. Qe7 h5 25. h4 Qf6 26. Qe3 g6 27. a4 Rd5 28. Rb1 g5 29. Reb2 b5 30. axb5 cxb5 31. hxg5 Qxg5 32. Qe4 h4 33. Rb3 hxg3 34. Rxg3 Qf5 35. Qe2 Qxb1+ 0-1


[Site "https://www.chess.com"]

[Event "Titled Tuesday Blitz January 31 Late 2023"]
[White "Talibov, Shiroghlan"]
[Black "Della Corte, Alessandro"]
[WhiteFideId "13429078"]
[BlackFideId "813540"]
[WhiteElo "2359"]
[BlackElo "2160"]
[Result "1-0"]
[Round "01"]
[TimeControl "180+2"]
[Date "2023.01.31"]
[WhiteClock "0:01:33"]
[BlackClock "0:01:48"]

1. Nf3 d5 2. d4 Nf6 3. c4 e6 4. Nc3 Be7 5. g3 O-O 6. Bg2 Nbd7 7. O-O c6 8. b3 b6 9. Bb2 Ba6 10. Nd2 Rc8 11. e4 c5 12. exd5 exd5 13. Nxd5 Nxd5 14. Bxd5 Bf6 15. Ne4 Bxd4 16. Bxd4 cxd4 17. Qxd4 Nf6 18. Nxf6+ Qxf6 19. Qxf6 gxf6 20. a4 Rce8 21. Rfe1 Re5 22. f4 Ree8 23. Kf2 Bc8 24. Rxe8 Rxe8 25. Re1 Rxe1 26. Kxe1 a5 27. Kd2 Kf8 28. Kc3 Ke7 29. b4 Bd7 30. b5 Be8 31. Kd4 Kd6 32. Be4 h6 33. Bf5 Bd7 34. Bxd7 Kxd7 35. c5 Kc7 36. Kd5 1-0


[Site "https://www.chess.com"]

[Event "Titled Tuesday Blitz January 31 Late 2023"]
[White "Suarez, Mauricio Josue"]
[Black "Trost, Edvin"]
[WhiteFideId "144258"]
[BlackFideId "1729519"]
[WhiteElo "2164"]
[BlackElo "2399"]
[Result "0-1"]
[Round "01"]
[TimeControl "180+2"]
[Date "2023.01.31"]
[WhiteClock "0:00:12"]
[BlackClock "0:01:35"]

1. d4 Nc6 2. Nf3 e6 3. c4 Nf6 4. Nc3 Bb4 5. Bd2 O-O 6. e3 d5 7. a3 Bxc3 8. Bxc3 Ne4 9. Rc1 Qe7 10. Bd3 Nxc3 11. Rxc3 Rd8 12. cxd5 exd5 13. Bb5 Nb8 14. h3 Bf5 15. O-O c6 16. Bd3 Bxd3 17. Qxd3 Nd7 18. b4 a6 19. Rb1 Nf6 20. a4 Ne4 21. Rc2 Nd6 22. Rc5 g6 23. Ne5 f6 24. Nf3 Kg7 25. Ne1 Nc4 26. b5 cxb5 27. axb5 b6 28. Rc6 a5 29. e4 Nd6 30. exd5 a4 31. Qa3 Qd7 32. Rxb6 Nc4 33. Qc5 Nxb6 34. Qxb6 a3 35. Nd3 a2 36. Ra1 Qxd5 37. Nc5 Rd6 38. Qc7+ Kh6 39. b6 Qxd4 40. Qxd6 Qxd6 41. b7 Rb8 0-1


[Site "https://www.chess.com"]

[Event "Titled Tuesday Blitz January 31 Late 2023"]
[White "Tworuszka, Michal"]
[Black "Rakhmatullaev, Almas"]
[WhiteFideId "1117858"]
[BlackFideId "14205793"]
[WhiteElo "2260"]
[BlackElo "2275"]
[Result "1-0"]
[Round "01"]
[TimeControl "180+2"]
[Date "2023.01.31"]
[WhiteClock "0:00:05"]
[BlackClock "0:00:07"]

1. e4 e5 2. Nf3 Nc6 3. Bb5 a6 4. Ba4 Nf6 5. O-O b5 6. Bb3 Bb7 7. Re1 Bc5 8. d3 h6 9. a4 d6 10. axb5 axb5 11. Rxa8 Bxa8 12. Nc3 b4 13. Nd5 O-O 14. Be3 Bxe3 15. Nxe3 Na5 16. Ba2 c5 17. Nd2 Bc6 18. Qf3 Bd7 19. Ra1 Nc6 20. c3 bxc3 21. bxc3 Be6 22. Bxe6 fxe6 23. Qh3 Qd7 24. Ndc4 Re8 25. g3 Qc7 26. Kg2 d5 27. Nd2 d4 28. cxd4 cxd4 29. Ng4 Nxg4 30. Qxg4 Nb4 31. Ra3 Nc2 32. Ra6 Ne1+ 33. Kh3 Nxd3 34. Qg6 Nxf2+ 35. Kg2 Rf8 36. Qxe6+ Kh8 37. Nc4 Qb7 38. Qc6 Qxc6 39. Rxc6 Ng4 40. Kh3 h5 41. Kh4 d3 42. Rd6 Rf2 43. Kxh5 Nxh2 44. Nxe5 Kh7 45. Rxd3 Rf6 46. Ng4 Nxg4 47. Kxg4 Kg6 48. e5 Re6 49. Re3 Kf7 50. Kf5 g6+ 51. Kg5 Kg7 52. g4 Kf7 53. Re4 Kg7 54. Re3 Rc6 55. e6 Rc5+ 56. Kh4 g5+ 57. Kh5 Rc8 58. e7 Re8 59. Kxg5 Kf7 60. Kf5 Rxe7 61. Rxe7+ Kxe7 62. Kg6 Kf8 63. Kh7 1-0


[Site "https://www.chess.com"]

[Event "Titled Tuesday Blitz January 31 Late 2023"]
[White "Goltsev, Dmitry"]
[Black "Kouskoutis, Georgios-Alexandros"]
[WhiteFideId "24176710"]
[BlackFideId "4234049"]
[WhiteElo "2269"]
[BlackElo "2295"]
[Result "1/2-1/2"]
[Round "01"]
[TimeControl "180+2"]
[Date "2023.01.31"]
[WhiteClock "0:00:38"]
[BlackClock "0:00:07"]

1. e4 c5 2. Nf3 e6 3. d4 cxd4 4. Nxd4 Nc6 5. Nc3 Qc7 6. Be3 a6 7. Be2 b5 8. a3 Bb7 9. O-O Nf6 10. f3 Bd6 11. f4 Nxd4 12. Qxd4 e5 13. Qd2 exf4 14. Bxf4 Bxf4 15. Rxf4 d6 16. Raf1 O-O-O 17. Qd4 Rhe8 18. a4 Qc5 19. Qxc5+ dxc5 20. axb5 axb5 21. Bxb5 Re5 22. Bd3 Rd4 23. Rf5 Rxf5 24. Rxf5 Nxe4 25. Nxe4 Bxe4 26. Rxc5+ Kd7 27. Rc4 Rxc4 28. Bxc4 Bxc2 29. Bxf7 Kd6 30. b4 Bd3 31. Kf2 Kc6 32. Be8+ Kd5 33. Ke3 Bf1 34. b5 Kc5 35. g3 Bxb5 36. Bxb5 Kxb5 37. Ke4 Kc6 38. Ke5 Kd7 39. h4 Ke7 40. g4 Kf7 41. h5 Ke7 42. g5 Kf7 43. Kd6 h6 44. g6+ Kg8 45. Ke6 Kh8 46. Ke7 Kg8 47. Ke8 Kh8 48. Kf7 1/2-1/2


[Site "https://www.chess.com"]

[Event "Titled Tuesday Blitz January 31 Late 2023"]
[White "Quispe Arteaga, Gabriel"]
[Black "Manukyan, Sargis A."]
[WhiteFideId "32059809"]
[BlackFideId "13303970"]
[WhiteElo "2381"]
[BlackElo "2158"]
[Result "1-0"]
[Round "01"]
[TimeControl "180+2"]
[Date "2023.01.31"]
[WhiteClock "0:00:13"]
[BlackClock "0:00:18"]

1. c4 c5 2. Nf3 g6 3. g3 Bg7 4. Bg2 Nc6 5. O-O Nf6 6. Nc3 O-O 7. d4 cxd4 8. Nxd4 Ng4 9. Nf3 Bxc3 10. bxc3 Qa5 11. Qb3 d6 12. Nd4 Qc5 13. Nxc6 bxc6 14. Qb4 Ne5 15. Qxc5 dxc5 16. Bf4 Nxc4 17. Bxc6 Bh3 18. Bxa8 Bxf1 19. Bd5 Bxe2 20. Re1 e6 21. Bxe6 fxe6 22. Rxe2 Kf7 23. Re4 Nb6 24. Bd6 Rc8 25. Rf4+ Ke8 26. Be5 Nd5 27. Ra4 Ra8 28. Ra5 c4 29. Rc5 Nb6 30. Rc7 h5 31. Bd4 Nd5 32. Rg7 Rc8 33. Rxg6 Kd7 34. Rg7+ Kd6 35. Rxa7 Rb8 36. Ra6+ Ke7 37. Kg2 Rb2 38. Ra7+ Kd6 39. Ra6+ Ke7 40. Rc6 Nf4+ 41. gxf4 Kd7 42. Rxc4 Kd6 43. Rc5 e5 44. Rxe5 h4 45. Kh3 Rc2 46. Kxh4 Kc6 47. Kg5 Kb7 48. Kf5 Ka6 49. h4 Kb7 50. h5 Ka6 51. h6 Rxf2 52. h7 Rh2 53. Re6+ Kb5 54. h8=Q Kc4 55. Qxh2 Kd3 56. Ke5 Kc4 57. f5 Kd3 58. f6 Kc4 59. f7 Kb5 60. f8=Q Ka4 61. Qfh8 Kb5 62. Bg1 Kc4 63. Rh6 Kd3 64. a4 Kc4 65. a5 Kb3 66. a6 Ka4 67. a7 Kb3 68. a8=Q Kc4 69. Qc6+ Kb3 70. c4 Kc3 71. c5 Kd3 72. Qcc8 Kc3 73. c6 Kb3 74. c7 Kb4 75. Qg4+ 1-0


[Site "https://www.chess.com"]

[Event "Titled Tuesday Blitz January 31 Late 2023"]
[White "Paveto, Kevin"]
[Black "Backsten, Jan"]
[WhiteFideId "173444"]
[BlackFideId "1735381"]
[WhiteElo "2427"]
[BlackElo "2029"]
[Result "1-0"]
[Round "01"]
[TimeControl "180+2"]
[Date "2023.01.31"]
[WhiteClock "0:02:17"]
[BlackClock "0:01:11"]

1. e4 e6 2. d4 d5 3. Bd3 dxe4 4. Bxe4 Nf6 5. Bf3 Nbd7 6. Bf4 c5 7. Ne2 cxd4 8. Qxd4 Qb6 9. Qxb6 Nxb6 10. Nbc3 a6 11. O-O-O Bc5 12. Bg3 O-O 13. Nf4 Ra7 14. Nd3 Bd4 15. Ne2 e5 16. Nxd4 exd4 17. Bd6 Re8 18. Bc5 Nfd7 19. Bxd4 Ra8 20. Rhe1 Rf8 21. b3 a5 22. a4 Ra6 23. Nc5 Ra8 24. Re7 Nxc5 25. Bxc5 Nd7 26. Rexd7 Bxd7 27. Bxf8 1-0


[Site "https://www.chess.com"]